 Seeded DCSS version 0.29.1-15-g9cfb28693d (webtiles) character file.

Game seed: 16245865983455551772 (custom seed)

3969 Darius099 the Covert (level 10, -1/73 HPs)
             Began as an Octopode Brigand on Mar 11, 2023.
             Was a Believer of Dithmenos.
             Slain by a yak (7 damage)
             ... on level 8 of the Dungeon on Mar 12, 2023.
             The game lasted 00:19:10 (7540 turns).

Darius099 the Covert (Octopode Brigand)             Turns: 7540, Time: 00:19:10

Health: -1/73      AC:  3    Str: 22    XL:     10   Next: 22%
Magic:  10/10      EV: 13    Int: 31    God:    Dithmenos [**....]
Gold:   213        SH:  0    Dex: 30    Spells: 9/9 levels left

rFire   + + .      SeeInvis .   x - +1 dagger (venom)
rCold   . . .      Faith    .   (no shield)
rNeg    . . .      Spirit   .   D - +2 hat
rPois   .          Reflect  .   r - amulet of regeneration
rElec   +          Harm     .   h - +6 ring of intelligence
rCorr   +          Rampage  .   i - +6 ring of intelligence
Will    +....                   j - ring "Rukic" {rF+ Stlth+} Stlth *+++++++++
                                d - ring of Foitoath {rCorr Str+5 Int+5 Dex+6}
HPRegen 1.02/turn               t - ring of Elojot {rCorr Dex+3}
MPRegen 0.12/turn               B - ring "Vokug" {rElec rF+ Will+ Str+6 Dex+4}
                                (no ring)
                                (no ring)

@: wreathed by umbra
A: almost no armour, amphibious, 8 rings, camouflage 1, gelatinous body 1,
(nimble swimmer 1), tentacles
a: Renounce Religion, Shadow Step


You were on level 8 of the Dungeon.
You worshipped Dithmenos.
Dithmenos was pleased with you.
You visited 1 branch of the dungeon, and saw 8 of its levels.

You collected 1535 gold pieces.
You spent 1322 gold pieces at shops.

Inventory:

Hand Weapons
 x - a +1 dagger of venom (weapon)
Missiles
 b - 46 poisoned darts (quivered)
 c - 5 curare-tipped darts
 F - 6 silver boomerangs
Armour
 D - a +2 hat (worn)
Jewellery
 d - the ring of Foitoath (on tentacle) {rCorr Str+5 Int+5 Dex+6}
   (You acquired it on level 1 of the Dungeon)

   [ring of dexterity]

   Str:       It affects your strength (+5).
   Int:       It affects your intelligence (+5).
   Dex:       It affects your dexterity (+6).
   rCorr:     It protects you from acid and corrosion.
 h - a +6 ring of intelligence (left tentacle)
 i - a +6 ring of intelligence (right tentacle)
 j - the ring "Rukic" (on tentacle) {rF+ Stlth+}
   (You acquired it on level 1 of the Dungeon)

   [ring of protection from fire]

   rF:        It protects you from fire.
   Stlth:     It makes you more stealthy.
 r - an amulet of regeneration (around mantle)
 t - the ring of Elojot (on tentacle) {rCorr Dex+3}
   (You bought it in a shop on level 4 of the Dungeon)

   [ring of resist corrosion]

   Dex:       It affects your dexterity (+3).
   rCorr:     It protects you from acid and corrosion.
 B - the ring "Vokug" (on tentacle) {rElec rF+ Will+ Str+6 Dex+4}
   (You bought it in a shop on level 7 of the Dungeon)

   [ring of strength]

   Str:       It affects your strength (+6).
   Dex:       It affects your dexterity (+4).
   rF:        It protects you from fire.
   rElec:     It insulates you from electricity.
   Will:      It increases your willpower.
Wands
 o - a wand of roots (25)
 A - a wand of flame (49)
 G - a wand of charming (11)
Scrolls
 g - 9 scrolls of teleportation {unknown}
 k - 9 scrolls of identify {unknown}
 m - 2 scrolls of summoning {unknown}
 n - a scroll of enchant weapon {unknown}
 p - a scroll of noise {unknown}
 q - 3 scrolls of immolation {unknown}
 w - a scroll of silence {unknown}
 y - a scroll of butterflies {unknown}
 z - a scroll of amnesia {unknown}
 E - a scroll of poison {unknown}
Potions
 a - 3 potions of curing {unknown}
 e - a potion of might {unknown}
 f - 2 potions of flight {unknown}
 l - 2 potions of lignification {unknown}
 s - 4 potions of brilliance {unknown}
 u - a potion of berserk rage {unknown}
 v - a potion of heal wounds {unknown}
 C - a potion of attraction {unknown}


   Skills:
 + Level 8.5 Fighting
 + Level 8.6 Short Blades
 - Level 2.0 Throwing
 + Level 1.2 Dodging
 + Level 12.8 Stealth
 + Level 0.3 Spellcasting


You had 9 spell levels left.
You didn't know any spells.
Your spell library contained the following spells:

 Spells                   Type           Power      Damage    Failure   Level
 Sting                    Tmut/Pois      0%         1d3       9%          1
 Blink                    Tloc           0%         N/A       13%         2
 Poisonous Vapours        Pois/Air       0%         N/A       13%         2
 Confusing Touch          Hex            0%         N/A       26%         3
 Lesser Beckoning         Tloc           0%         N/A       26%         3
 Olgreb's Toxic Radiance  Pois           0%         N/A       65%         4
 Manifold Assault         Tloc           0%         N/A       94%         5
 Yara's Violent Unravell  Hex/Tmut       0%         3d3       94%         5
 Enfeeble                 Hex            0%         N/A       100%        7
 Chain Lightning          Conj/Air       0%         N/A       100%        9
 Fire Storm               Conj/Fire      0%         5d1       100%        9
 Shatter                  Erth           0%         3d5*      100%        9


Dungeon Overview and Level Annotations

Branches:
Dungeon (8/15)             Temple (0/1) D:5
   Lair: D:8-11

Altars:
Cheibriados
Dithmenos
Hepliaklqana
Makhleb
Qazlal
Zin

Shops:
D:3 [   D:4 *:[   D:7 =

Annotations:
D:8 Amaemon


Innate Abilities, Weirdness & Mutations

You cannot wear most types of armour.
You are amphibious.
You can wear up to eight rings at the same time.
Your skin changes colour to match your surroundings (Stealth+).
Your rubbery body absorbs attacks. (AC +1, EV +1)
((You are camouflaged when in or above water. (Stealth+)))
You have tentacles for arms and can constrict up to eight enemies at once.


Message History

Dithmenos accepts your kill.
You hit the orc.
The orc is poisoned.
Your grab misses the orc. You squeeze the orc.
The orc is heavily wounded.
You feel sick.
You hit the orc. You grab the orc. You squeeze the orc.
You kill the orc!
Dithmenos accepts your kill.
You feel sick.
You are no longer poisoned.
Things that are here:
a +0 short sword; an orc corpse; a killer bee corpse You puncture the yak!
The yak is poisoned.
The yak is lightly wounded.
You hit the yak.
The yak looks as sick as possible!
You squeeze the yak.
The yak is moderately wounded.
The orc priest looks braver for a moment.
You hit the yak but do no damage. You squeeze the yak, but do no damage.
The yak is moderately wounded.
The yak gores you!
* * * LOW HITPOINT WARNING * * *
Amaemon the Diabolical Poisoner comes into view.
He is wielding a +0 demon whip of venom.
The orc priest hits you from afar with a +0 trident.
* * * LOW HITPOINT WARNING * * *
Okay, then.
You hit the yak.
The yak looks as sick as possible!
Your squeeze misses the yak.
The yak is heavily wounded.
You hit the yak.
The yak looks as sick as possible!
The yak is severely wounded.
The yak gores you!
* * * LOW HITPOINT WARNING * * *
The orc priest hits you from afar with a +0 trident.
* * * LOW HITPOINT WARNING * * *
You hit the yak but do no damage. You squeeze the yak, but do no damage.
The yak is severely wounded.
You hit the yak but do no damage.
The yak looks as sick as possible!
The yak is severely wounded.
The orc priest closely misses you. The yak gores you!
You die...

[## #....# ..#### #....#
#....### #....# ##########
####...# #....# #.........
###.# #....# #....c.... #.#
#....# #......... #.# #....#
#.........
######.#####....######.........
................@Yooco.........
######..####....#####.6........
#.............#..............
#.............#...P..........
#.........#####........####..
######....# #........# . ####.#
#..=.....#
###########.#####.....P..#
#..............##.........


You could see Amaemon, a yak (extremely poisoned), a centaur, an orc priest and
2 orcs.

Vanquished Creatures
  Joseph (D:8)
  Psyche (D:8)
  Sigmund (D:5)
  A yak (D:8)
  A steam dragon (D:7)
  A water moccasin (D:6)
  2 ice beasts
  2 orc warriors
  A black bear (D:5)
  An ogre (D:4)
  A phantom (D:6)
  A centaur (D:5)
  4 kobold brigands
  4 bullfrogs
  2 necrophages
  5 scorpions
  4 wights (D:7)
  4 killer bees (D:8)
  2 howler monkeys (D:7)
  3 orc priests
  A gnoll bouda (D:7)
  4 hounds
  An iron imp (D:4)
  Jessica (D:2)
  3 iguanas
  5 orc wizards
  Natasha (D:3)
  A hound skeleton (D:4)
  7 gnolls
  5 adders
  A white imp (D:5)
  A dart slug (D:5)
  16 orcs
  6 ball pythons
  3 bats
  8 endoplasms
  A giant cockroach (D:4)
  5 goblins
  8 hobgoblins
  4 quokkas
  3 frilled lizards
  24 kobolds
  7 rats
158 creatures vanquished.

Vanquished Creatures (others)
  26 fungi (D:8)
  28 plants
54 creatures vanquished.

Grand Total: 212 creatures vanquished

Notes
Turn   | Place    | Note
-------+----------+-------------------------------------------
     0 | D:1      | Darius099 the Octopode Brigand began the quest for the Orb.
     0 | D:1      | Reached XP level 1. HP: 14/14 MP: 1/1
   262 | D:1      | Reached XP level 2. HP: 8/19 MP: 2/2
   497 | D:1      | Found a faded altar of an unknown god.
  1230 | D:1      | Reached XP level 3. HP: 20/25 MP: 3/3
  1236 | D:1      | Identified 3 scrolls of acquirement
  1236 | D:1      | Acquired 468 gold pieces
  1237 | D:1      | Acquired the ring "Rukic" {rF+ Stlth+}
  1244 | D:1      | Acquired the ring of Foitoath {rCorr Str+5 Int+5 Dex+6}
  1391 | D:2      | Noticed Jessica
  1395 | D:2      | Killed Jessica
  1396 | D:2      | Reached skill level 6 in Stealth
  1396 | D:2      | Reached XP level 4. HP: 30/30 MP: 4/4
  2132 | D:3      | Noticed Natasha
  2308 | D:3      | Killed Natasha
  2309 | D:3      | Reached XP level 5. HP: 17/36 MP: 5/5
  2593 | D:3      | Reached skill level 7 in Stealth
  2744 | D:3      | Found Ymmy Ciutu's Antique Armour Shoppe.
  3027 | D:4      | Found a shadowy altar of Dithmenos.
  3040 | D:4      | Became a worshipper of Dithmenos the Shadowed
  3076 | D:4      | Found Tuuwolaw's General Store.
  3086 | D:4      | Reached XP level 6. HP: 43/43 MP: 6/6
  3094 | D:4      | Bought the ring of Elojot {rCorr Dex+3} for 399 gold pieces
  3111 | D:4      | Found a snail-covered altar of Cheibriados.
  3148 | D:4      | Found Koenoidu's Book Boutique.
  3159 | D:4      | Found Gamycsypi's Antique Armour Boutique.
  3374 | D:4      | Found a burning altar of Makhleb.
  3398 | D:4      | Reached skill level 8 in Stealth
  3398 | D:4      | Reached XP level 7. HP: 49/49 MP: 7/7
  3664 | D:5      | Entered Level 5 of the Dungeon
  3666 | D:5      | Noticed Sigmund
  3669 | D:5      | Killed Sigmund
  3670 | D:5      | Reached skill level 5 in Short Blades
  3676 | D:5      | Reached skill level 5 in Fighting
  4074 | D:5      | Reached XP level 8. HP: 52/55 MP: 8/8
  4089 | D:5      | Reached * piety under Dithmenos
  4090 | D:5      | Reached skill level 9 in Stealth
  4275 | D:5      | Found a glowing silver altar of Zin.
  4558 | D:5      | Found a staircase to the Ecumenical Temple.
  4800 | D:5      | You fall into a shaft and drop 2 floors!
  4832 | D:7      | Found Dackej's Jewellery Shoppe.
  5452 | D:6      | Reached skill level 10 in Stealth
  5953 | D:6      | Reached XP level 9. HP: 63/63 MP: 9/9
  6325 | D:6      | Acquired 666 gold pieces
  6405 | D:7      | Bought the ring "Vokug" {rElec rF+ Will+ Str+6 Dex+4} for
                  | 923 gold pieces
  6484 | D:7      | Reached skill level 11 in Stealth
  6547 | D:7      | Reached ** piety under Dithmenos
  6818 | D:7      | Found a hazy altar of Hepliaklqana.
  7080 | D:8      | Noticed Psyche
  7102 | D:8      | Killed Psyche
  7103 | D:8      | Reached skill level 12 in Stealth
  7154 | D:8      | Found a stormy altar of Qazlal.
  7177 | D:8      | Noticed Joseph
  7209 | D:8      | Killed Joseph
  7210 | D:8      | Reached XP level 10. HP: 52/72 MP: 10/10
  7533 | D:8      | Noticed Amaemon
  7540 | D:8      | Slain by a yak

Illustrated notes

Levels and vault maps discovered:
D:1:      minmay_arrival_hallway, layout_loops_corners, basic_ecumenical_altar,
          minmay_unequal
D:2:      layout_loops_ring, uniq_jessica
D:3:      layout_basic, serial_shops, nicolae_shop_advertising_works
          [nicolae_subvault_shop_adworks], minmay_shallow_snake_nest,
          uniq_natasha
D:4:      layout_rooms, grunt_dithmenos_smoke_and_mirrors,
          makhleb_blood_cavern_becter, slow_altar_1, serial_shops,
          nicolae_square_shop, nicolae_shop_temple_entry_statues_fountains,
          kennysheep_mini_moat, chequers_serial_rivers_large_a,
          minmay_fractal_squares_gapless_5
D:5:      layout_layer_cave, mainiacjoe_overflow_cross_hatched,
          lemuel_temple_firewalk_b, uniq_sigmund
D:6:      layout_basic
D:7:      layout_basic, nicolae_hepliaklqana_hazy_memory, serial_shops,
          nicolae_stop_n_shop_2
D:8:      layout_basic, nicolae_qazlal_style_of_elements,
          grunt_lair_entry_orc_guard_hut, uniq_amaemon, uniq_psyche,
          uniq_joseph, uniq_maurice

Skill      XL: |  1  2  3  4  5  6  7  8  9 |
---------------+----------------------------+-----
Stealth        | 6 7 8 10 12 | 12.8
Fighting       | 3 4 5 6 8 |  8.5
Short Blades   | 3 4 5 6 8 |  8.6
Throwing       | |  2.0
Dodging        | |  1.2
Spellcasting   | |  0.3

Action                   |  1- 3 |  4- 6 |  7- 9 | 10-12 || total
-------------------------+-------+-------+-------+-------++-------
Melee: Dagger            |    42 |    64 |   205 |    62 ||   373
       Constrict         |     9 |    15 |    47 |     9 ||    80
       Tentacles         |     3 |    13 |    56 |    22 ||    94
       Punch             |     1 |       |     8 |     1 ||    10
  Use: Scroll            |     3 |       |     1 |       ||     4
 Stab: Sleeping          |     9 |    21 |    13 |       ||    43
       Distracted        |       |     2 |     5 |     1 ||     8
Armor: Skin              |       |       |    22 |     3 ||    25
Dodge: Dodged            |    24 |    27 |   110 |    39 ||   200
